cohdb
Replays
Latest Replays
All Replays
Popular Replays
Top Player Replays
Match Explorer
How It Works
Community
CoH3 Stats
Reddit
Sign in to upload your games and track your stats! →
Sign in with Steam
Match 42283528
Unlisted
Match 42283528
Overview
Messages
Build Orders
End
Kradschützen Motorcycle Team
Selects Italian Combined Arms Battlegroup
Selects Bersaglieri Squad
Bersaglieri Squad
250 Light Carrier
Construct Light Support Kompanie
Assault Grenadier Squad
MG34 Team
Panzerjäger Mechanized Group
Selects Bersaglieri Bolster
Construct Mechanized Kompanie
Selects Breda Model 30 Light Machine Guns
2.5-tonne Medical Truck
Veteran Squad Leaders
Forward Retreat Point
Construct Panzerarmee Kommand
Walking Stuka Rocket Launcher
Selects Semovente da 75/18 Assault Gun
Selects Strafing Run
Strafing Run
~TAB~ THUND3RCHUNKY
Zmay
P3prime
山田凉
0
0
Comments
sign in to comment!
No comments posted yet!